 Dungeon Crawl Stone Soup version 0.29.1-13-g9f3cf754e1 (webtiles) character file.

Game seed: 15204065622091795662

182 Ayven the Ruffian (level 5, -4/42 HPs)
             Began as a Draconian Transmuter on Feb 10, 2023.
             Slain by a gnoll
             ... wielding a +0 club
             ... led by a gnoll bouda
              (8 damage)
             ... on level 3 of the Dungeon.
             The game lasted 00:11:13 (3688 turns).

Ayven the Ruffian (Draconian Transmuter)            Turns: 3688, Time: 00:11:14

Health: -4/42      AC:  5    Str: 19    XL:     5   Next: 34%
Magic:  8/10       EV: 12    Int: 14    God:
Gold:   208        SH:  0    Dex: 11    Spells: 4/10 levels left

rFire   . . .      SeeInvis .   l - +7 spear "Giant's Death Toll" {flame, rElec rC- Str+5 Stlth+}
rCold   x . .      Faith    .   (no shield)
rNeg    . . .      Spirit   .   (body armour unavailable)
rPois   .          Reflect  .   (helmet restricted)
rElec   +          Harm     .   (no cloak)
rCorr   .          Rampage  .   (no gloves)
Will    +....                   (no boots)
Stlth   ++........              (no amulet)
HPRegen 0.14/turn               g - ring of willpower
MPRegen 0.12/turn               (no ring)

@: weakened, flying
A: AC +5, unfitting armour, cold-blooded
a: no special abilities


You were on level 3 of the Dungeon.
You visited 1 branch of the dungeon, and saw 3 of its levels.

You collected 208 gold pieces.

Inventory:

Hand Weapons
 l - the +7 spear "Giant's Death Toll" (weapon) {flame, rElec rC- Str+5 Stlth+}
   (You found it on level 3 of the Dungeon)

   It burns those it strikes, dealing additional fire damage.
   Str:       It affects your strength (+5).
   rC:        It makes you vulnerable to cold.
   rElec:     It insulates you from electricity.
   Stlth:     It makes you more stealthy.
Jewellery
 g - a ring of willpower (left hand)
Wands
 n - a wand of paralysis (6)
Scrolls
 j - a scroll of blinking
 k - a scroll of amnesia {unknown}
Potions
 a - 2 potions of lignification
 b - a potion of magic {unknown}
 c - 2 potions of haste {unknown}
 d - 2 potions of heal wounds {unknown}
 e - a potion of invisibility {unknown}
 f - a potion of cancellation {unknown}
 h - 2 potions of flight
 m - a potion of brilliance {unknown}


   Skills:
 * Level 2.3 Fighting
 - Level 2.2 Dodging
 - Level 0.1 Stealth
 - Level 4.0 Unarmed Combat
 - Level 3.4 Spellcasting
 - Level 2.7 Transmutations


You had 4 spell levels left.
You knew the following spells:

 Your Spells              Type           Power      Damage    Failure   Level
a - Beastly Appendage     Tmut           20%        N/A       7%          1
b - Spider Form           Tmut/Pois      6%         N/A       34%         3
c - Wereblood             Tmut           10%        N/A       10%         2

Your spell library contained the following spells:

 Spells                   Type           Power      Damage    Failure   Level
 Ice Form                 Ice/Tmut       6%         N/A       75%         4


Dungeon Overview and Level Annotations

Branches:
Dungeon (3/15)

Altars:


Innate Abilities, Weirdness & Mutations

Your plain brown scales are hard. (AC +5)
You cannot fit into any form of body armour.
You are cold-blooded and may be slowed by cold attacks.


Message History

The gnoll is lightly wounded.
The gnoll misses you.
You hit the gnoll.
The gnoll is moderately wounded.
The gnoll hits you from afar with a +0 spear.
The gnoll bouda barks out a call to the hunt!
The gnolls pick up the pace!
The gnoll barely misses you.
You hit the gnoll.
The gnoll is heavily wounded.
The gnoll hits you from afar with a +0 spear.
The gnoll hits you with a +0 flail!
You hit the gnoll.
The gnoll looks as sick as possible!
The gnoll is almost dead.
You kill the gnoll!
The gnoll misses you.
You hit the gnoll but do no damage.
The gnoll is poisoned.
Your transformation has ended.
The +7 spear "Giant's Death Toll" {flame, rElec rC- Str+5 Stlth+} unmelds from your body.
The +7 spear "Giant's Death Toll" {flame, rElec rC- Str+5 Stlth+} bursts into flame!
The gnoll hits you but does no damage. x2
You hit the gnoll. You burn the gnoll.
The gnoll is severely wounded.
The gnoll hits you with a +0 club.
* * * LOW HITPOINT WARNING * * *
The gnoll closely misses you.
The gnoll bouda calls upon its god to heal the gnoll.
The gnoll is healed somewhat.
You hit the gnoll. You burn the gnoll.
The gnoll is heavily wounded.
Your attacks no longer feel as feeble.
The gnoll hits you with a +0 club.
* * * LOW HITPOINT WARNING * * *
The gnoll closely misses you.
The gnoll bouda gazes fiercely through you!
You feel your attacks grow feeble.
It was a potion of flight.
You feel very buoyant.
You fly up into the air.
The gnoll hits you with a +0 club!
You die...

..# #.# .# #.# .# #
#.##.## #.# #.....#
.. #.....## #
#..##.###......##+
###
##....gg@.........#
#..
#.....g###........
#.. #.....
#.#....## ### #....
#.#...## # #....
#)#†###
#....#####>...#
#..........#.##
#....####....#
...............#


You could see a gnoll bouda and 2 gnolls.

Vanquished Creatures
  Natasha (twice) (D:3)
  2 gnolls (D:3)
  4 adders
  A dart slug (D:1)
  8 endoplasms
  5 giant cockroaches
  10 goblins
  3 hobgoblins
  8 jackals
  6 ball pythons
  8 bats
  6 frilled lizards
  6 kobolds
  4 rats
73 creatures vanquished.

Notes
Turn   | Place    | Note
-------+----------+-------------------------------------------
     0 | D:1      | Ayven the Draconian Transmuter began the quest for the Orb.
     0 | D:1      | Reached XP level 1. HP: 16/16 MP: 3/3
   334 | D:1      | Reached XP level 2. HP: 23/23 MP: 3/5
   833 | D:1      | Reached XP level 3. HP: 27/28 MP: 4/6
  1629 | D:2      | Found a faded altar of an unknown god.
  1854 | D:2      | Learned a level 3 spell: Spider Form
  1857 | D:2      | Learned a level 2 spell: Wereblood
  2110 | D:2      | Reached XP level 4. HP: 31/35 MP: 6/8
  2744 | D:3      | Identified the +7 spear "Giant's Death Toll" {flame, rElec
                  | rC- Str+5 Stlth+}
  2799 | D:3      | Reached skill level 4 in Unarmed Combat
  3050 | D:3      | Noticed Natasha
  3057 | D:3      | Killed Natasha
  3334 | D:3      | Noticed Natasha
  3400 | D:3      | Killed Natasha
  3401 | D:3      | Reached XP level 5. HP: 24/41 MP: 7/9
  3688 | D:3      | Slain by a gnoll

Illustrated notes

Levels and vault maps discovered:
D:1:      heliophobic_arrival_enchanted_forest, layout_basic, dk_noncrumbling_4,
          minmay_pentomino_o2
D:2:      layout_loops_ring, dreamdust_ecumenical_altar_statues
D:3:      layout_basic, mainiacjoe_overflow_two_lobes, supply_closet_lemuel,
          minmay_joined_circles, uniq_terence, uniq_natasha

Skill      XL: |  1  2  3  4  5 |
---------------+----------------+-----
Dodging        | 2 |  2.2
Unarmed Combat | 4 |  4.0
Spellcasting   | 3 |  3.4
Fighting       | 2 |  2.3
Stealth        | |  0.1
Transmutations | |  2.7

Action                   |  1- 3 |  4- 6 || total
-------------------------+-------+-------++-------
Melee: Unarmed           |   122 |    29 ||   151
       Kick              |    15 |     5 ||    20
       Headbutt          |    10 |     2 ||    12
       Tailslap          |     5 |     2 ||     7
       Punch             |     1 |       ||     1
       Spear             |       |    26 ||    26
 Cast: Beastly Appendage |    30 |    13 ||    43
       Wereblood         |     1 |     1 ||     2
       Spider Form       |       |     2 ||     2
  Use: Scroll            |     2 |     2 ||     4
       Potion            |       |     1 ||     1
 Stab: Sleeping          |     1 |       ||     1
Armor: Skin              |    77 |    15 ||    92
Dodge: Dodged            |   160 |    45 ||   205
